 Dungeon Crawl Stone Soup version 0.15.2 (webtiles) character file.

151 Amaterasu the Sneak (level 5, 0/25 HPs)
             Began as a Spriggan Assassin on Jan 23, 2015.
             Slain by a hobgoblin (4 damage)
             ... on Level 2 of the Dungeon.
             The game lasted 00:15:18 (3248 turns).

Amaterasu the Sneak (Spriggan Assassin)             Turns: 3248, Time: 00:15:18

HP   0/25        AC  3     Str  7      XL: 5   Next: 10%
MP  10/10        EV 19     Int 13      God:
Gold 176         SH  0     Dex 18      Spells:  0 memorised,  4 levels left

rFire  . . .     SeeInvis +     a - +2 dagger
rCold  . . .     Clarity  .     c - +0 robe
rNeg   . . .     rCorr    .     (shield restricted)
rPois  .         rRot     .     (helmet restricted)
rElec  .         Spirit   .     d - +0 cloak
SustAb .         Warding  .     (gloves unavailable)
rMut   .         Stasis   .     (boots unavailable)
Gourm  .                        (no amulet)
MR     .....                    (no ring)
                                (no ring)

@: very quick, not resistant to hostile enchantments, stealthy
A: unfitting armour, see invisible, herbivore 3, speed 3, mutation resistance 1,
slow metabolism 2
a: no special abilities


You were on level 2 of the Dungeon.
You were hungry.

You visited 1 branch of the dungeon, and saw 3 of its levels.

You collected 176 gold pieces.

Inventory:

Hand weapons
 a - a +2 dagger (weapon)
 b - a +0 blowgun
Missiles
 e - 8 poisoned needles
 f - 2 curare-tipped needles
Armour
 c - a +0 robe (worn)
 d - a +0 cloak (worn)
Comestibles
 i - 2 slices of pizza
 k - 3 bread rations
Scrolls
 j - 2 scrolls of teleportation {unknown}
 l - 2 scrolls of fear {unknown}
 o - a scroll of identify {unknown}
Potions
 g - a potion of porridge
 h - a potion of curing
 m - 3 potions of heal wounds {unknown}
 n - a potion of resistance {unknown}


   Skills:
 - Level 1.5 Fighting
 - Level 3.5 Short Blades
 - Level 2.1 Throwing
 - Level 4.0 Dodging
 + Level 7.8 Stealth


You had 4 spell levels left.
You didn't know any spells.

Dungeon Overview and Level Annotations

Branches:
Dungeon (3/15)

Altars:
Qazlal
The Shining One


Innate Abilities, Weirdness & Mutations

You are tiny and cannot use many weapons and most armour.
You have supernaturally acute eyesight.
You are a herbivore.
You cover ground extremely quickly.
You need consume almost no food.
You are somewhat resistant to further mutation.


Message History

You kill the ooze!
You are feeling hungry.
The gnoll shouts!
You barely miss the gnoll. The gnoll hits you with a runed mace!
There is a stone staircase leading down here.
You see here 14 stones.
There is a stone staircase leading up here.
You climb upwards.
A hobgoblin comes into view.
There is a stone staircase leading down here.
You hit the hobgoblin but do no damage. The hobgoblin hits you.
You hit the hobgoblin but do no damage. The hobgoblin misses you.
You barely miss the hobgoblin. The hobgoblin hits you.
* * * LOW HITPOINT WARNING * * *
You hit the hobgoblin.
The hobgoblin is moderately wounded.
You hit the hobgoblin.
The hobgoblin is heavily wounded.
The hobgoblin hits you.
You die...

...........# #.........#
.#########.# #.#######.#
.# #.# #.# #.# .#
####'###'##### #.#
.######............# #.#
.##................# #.#
.##.##.............###.#
.##.##.............'...#
....##..........@g.#####
........>#..♣≈######
.##.##.#....P≈.....#
.##|..[#≈P..P♣≈....#
.......♣≈...≈≈♣≈...#
###.♣≈♣≈≈≈...≈≈P♣###
..#♣≈≈≈≈≈...(P≈≈♣
#.#♣≈≈≈≈≈.≈..P≈≈♣
..#♣≈≈≈≈≈P...≈≈♣♣


You could see a hobgoblin.

Vanquished Creatures
  6 adders
  A gnoll skeleton (D:3)
  A giant mite (D:2)
  A worm (D:2)
  3 giant geckos
  An ooze (D:3)
  8 bats
  A giant cockroach (D:3)
  7 goblins
  2 hobgoblins (D:1)
  19 jackals
  10 kobolds
  3 giant newts (D:2)
  A quokka (D:2)
  6 rats
70 creatures vanquished.

Notes
Turn   | Place    | Note
--------------------------------------------------------------
     0 | D:1      | Amaterasu, the Spriggan Assassin, began the quest for the Orb.
     0 | D:1      | Reached XP level 1. HP: 10/10 MP: 2/2
    19 | D:1      | Reached skill level 6 in Stealth
   288 | D:1      | Found a glowing golden altar of the Shining One.
   306 | D:1      | Reached XP level 2. HP: 9/14 MP: 4/4
   401 | D:1      | Reached skill level 7 in Stealth
   710 | D:1      | Reached XP level 3. HP: 11/18 MP: 6/6
  1135 | D:2      | Gained mutation: You are somewhat resistant to further mutation. [potion of beneficial mutation]
  1358 | D:2      | Found a stormy altar of Qazlal.
  1358 | D:2      | Noticed a water elemental
  1509 | D:2      | Reached XP level 4. HP: 22/22 MP: 8/8
  1901 | D:2      | Noticed an air elemental
  1902 | D:2      | Noticed a fire elemental
  1902 | D:2      | Noticed an earth elemental
  3092 | D:3      | Reached XP level 5. HP: 21/25 MP: 10/10
  3248 | D:2      | Slain by a hobgoblin

Action                   |  1- 3 |  4- 6 || total
-------------------------+-------+-------++-------
Melee: Dagger            |   111 |   191 ||   302
  Use: Potion            |     4 |       ||     4
       Scroll            |     2 |       ||     2
 Stab: Sleeping          |     5 |     3 ||     8
